[Event "17th Spilimbergo Open 2019"]
[Site "Spilimbergo"]
[Date "2019.08.12"]
[Round "6.12"]
[White "Rahul Srivatshav P"]
[Black "Kumar, Nikhil"]
[Result "1-0"]
[WhiteElo "2410"]
[BlackElo "2272"]
[PlyCount "87"]
[EventDate "2019.08.09"]
[EventType "swiss"]
[EventCountry "ITA"]
[TimeControl "5400+30"]
[WhiteClock "0:25:00"]
[BlackClock "0:28:00"]

1. d4 Nf6 2. c4 e6 3. g3 d5 4. Nf3 Be7 5. Bg2 O-O 6. Nc3 c6 7. O-O Nbd7 8. Qd3 b6 9. b3 Bb7 10. Rd1 Rc8 11. Bb2 Qc7 12. Rac1 Qb8 13. Nd2 e5 14. cxd5 cxd5 15. dxe5 Nxe5 16. Qf5 g6 17. Qb1 Rfd8 18. Nb5 Rxc1 19. Rxc1 a6 20. Nd4 Bc5 21. Ba1 Qd6 22. Rd1 Qe7 23. h3 Re8 24. e3 a5 25. N4f3 Ned7 26. Qb2 Ba3 27. Qd4 Bc5 28. Qf4 Bd6 29. Qh6 Qf8 30. Qh4 Be7 31. Qa4 Bd6 32. g4 Qe7 33. g5 Nh5 34. Qd4 f6 35. Nf1 Bc5 36. Qc3 Rf8 37. N1h2 Ng7 38. Ng4 fxg5 39. Nxg5 d4 40. exd4 Bb4 41. Qc4+ Kh8 42. Nh6 Nf5 43. Nhf7+ Kg7 44. Bxb7 1-0

[Event "17th Spilimbergo Open 2019"]
[Site "Spilimbergo"]
[Date "2019.08.13"]
[Round "7.1"]
[White "Dragnev, Valentin"]
[Black "Kovalev, Vladislav"]
[Result "0-1"]
[WhiteElo "2535"]
[BlackElo "2651"]
[PlyCount "58"]
[EventDate "2019.08.09"]
[EventType "swiss"]
[EventCountry "ITA"]
[TimeControl "5400+30"]
[WhiteClock "0:03:42"]
[BlackClock "0:01:38"]

1. d4 Nf6 2. c4 e6 3. Nf3 d5 4. g3 Be7 5. Bg2 O-O 6. O-O dxc4 7. Qc2 a6 8. a4 Bd7 9. Rd1 Bc6 10. Bg5 b5 11. Bxf6 Bxf6 12. Nc3 Qe7 13. e4 g6 14. d5 Bb7 15. dxe6 fxe6 16. axb5 axb5 17. Rxa8 Bxa8 18. Nxb5 Nc6 19. Rd2 Na5 20. Qa4 Bxe4 21. Nfd4 Bxg2 22. Kxg2 c5 23. Nf3 Bg7 24. Qxa5 Qb7 25. Kg1 Qxf3 26. Qa3 c3 27. bxc3 Bh6 28. Rb2 Bc1 29. Qa2 Rd8 0-1

[Event "17th Spilimbergo Open 2019"]
[Site "Spilimbergo"]
[Date "2019.08.13"]
[Round "7.2"]
[White "Saric, Ivan"]
[Black "Sardana, Rishi"]
[Result "1-0"]
[WhiteElo "2660"]
[BlackElo "2410"]
[PlyCount "249"]
[EventDate "2019.08.09"]
[EventType "swiss"]
[EventCountry "ITA"]
[TimeControl "5400+30"]
[BlackClock "0:00:07"]

1. e4 c5 2. Nf3 d6 3. d4 cxd4 4. Nxd4 Nf6 5. Nc3 a6 6. Be3 e5 7. Nb3 Be6 8. f3 Nbd7 9. g4 Be7 10. Qd2 O-O 11. g5 Nh5 12. O-O-O b5 13. Kb1 Nb6 14. Nd5 Bxd5 15. exd5 Rc8 16. Na5 Nxd5 17. Qxd5 Qxa5 18. Rg1 g6 19. Rg4 Nf4 20. Bxf4 exf4 21. h4 Qa4 22. Qd2 d5 23. Bd3 Bd6 24. h5 Qd4 25. hxg6 fxg6 26. c3 Qe3 27. Bc2 Qxd2 28. Rxd2 Rc5 29. Re2 Rd8 30. Bb3 a5 31. a3 Kg7 32. Rd2 Bc7 33. Rg1 Rd7 34. Re2 Bd6 35. Re8 Re7 36. Rd8 Bc7 37. Ra8 Re3 38. Ba2 Re5 39. Ra7 Re7 40. b4 Rxc3 41. Bxd5 Rd3 42. Ba2 axb4 43. axb4 Rd4 44. Ra8 Bd8 45. Kc2 Rc7+ 46. Kb2 Rxb4+ 47. Bb3 Rd4 48. Re1 Rd2+ 49. Kb1 Rc3 50. Ra7+ Rc7 51. Rxc7+ Bxc7 52. Re7+ Kf8 53. Rf7+ Ke8 54. Rxc7 Rd3 55. Bc2 Rxf3 56. Rxh7 Rg3 57. Bxg6+ Kd8 58. Rf7 Rxg5 59. Bd3 Rd5 60. Kc2 Ke8 61. Rxf4 Kd7 62. Kc3 Kd6 63. Rf8 Kc5 64. Rb8 b4+ 65. Kc2 Rd4 66. Rb5+ Kc6 67. Rg5 Kd6 68. Bf1 Rf4 69. Bg2 Kc7 70. Kb3 Kb6 71. Bd5 Kc5 72. Bc4+ Kd4 73. Kxb4 Rf8 74. Rd5+ Ke4 75. Rd7 Rf6 76. Kc5 Rf5+ 77. Bd5+ Ke3 78. Re7+ Kd3 79. Ra7 Ke3 80. Ra3+ Kf4 81. Kd4 Kg5 82. Be4 Rf8 83. Rg3+ Kf6 84. Rg6+ Kf7 85. Rb6 Rd8+ 86. Bd5+ Kg7 87. Ke5 Rd7 88. Rb8 Ra7 89. Rg8+ Kh7 90. Rg1 Ra5 91. Ke6 Kh6 92. Bf3 Ra6+ 93. Kf5 Ra5+ 94. Kf4 Ra4+ 95. Be4 Ra6 96. Bd3 Rd6 97. Rg3 Rf6+ 98. Ke5 Rc6 99. Bf5 Ra6 100. Be6 Kh5 101. Kf6 Ra4 102. Rf3 Rb4 103. Ra3 Rf4+ 104. Bf5 Rb4 105. Ra8 Kh4 106. Rg8 Ra4 107. Ke5 Rb4 108. Rg1 Kh5 109. Be4 Rb6 110. Kf5 Kh6 111. Bd5 Rb5 112. Rg6+ Kh7 113. Rd6 Kg7 114. Rd7+ Kh6 115. Kf6 Kh5 116. Be6 Kh6 117. Rd8 Rb7 118. Rg8 Ra7 119. Bc8 Rc7 120. Bf5 Rc6+ 121. Be6 Rc7 122. Rg6+ Kh7 123. Rg4 Kh8 124. Rd4 Ra7 125. Rd8+ 1-0

[Event "17th Spilimbergo Open 2019"]
[Site "Spilimbergo"]
[Date "2019.08.13"]
[Round "7.3"]
[White "Vetoshko, Volodymyr"]
[Black "Bosiocic, Marin"]
[Result "0-1"]
[WhiteElo "2495"]
[BlackElo "2611"]
[PlyCount "72"]
[EventDate "2019.08.09"]
[EventType "swiss"]
[EventCountry "ITA"]
[TimeControl "5400+30"]
[WhiteClock "1:00:00"]
[BlackClock "0:15:58"]

1. e4 c5 2. Nf3 d6 3. Bb5+ Nd7 4. Ba4 Ngf6 5. O-O e6 6. d3 Be7 7. c4 O-O 8. Nc3 Ng4 9. Ne1 Nge5 10. f4 Ng6 11. Be3 Nb6 12. Bb3 Bd7 13. Qh5 f5 14. Nf3 Qe8 15. Nb5 fxe4 16. Ng5 Bxg5 17. Nxd6 Bxf4 18. Nxe8 Bxe3+ 19. Kh1 Raxe8 20. dxe4 Bd4 21. Qe2 Ne5 22. Rxf8+ Rxf8 23. Rf1 Rxf1+ 24. Qxf1 Bc6 25. Qe2 Nbd7 26. Bc2 Nf6 27. b4 cxb4 28. Qd2 Bc5 29. Qd8+ Kf7 30. Qc7+ Nfd7 31. Qd8 b6 32. Qh8 h6 33. Qc8 a5 34. Bd1 g6 35. Qh8 Bf8 36. h4 Nf6 0-1

[Event "17th Spilimbergo Open 2019"]
[Site "Spilimbergo"]
[Date "2019.08.13"]
[Round "7.4"]
[White "Nisipeanu, Liviu-Dieter"]
[Black "Rahul Srivatshav P"]
[Result "1/2-1/2"]
[WhiteElo "2666"]
[BlackElo "2410"]
[PlyCount "62"]
[EventDate "2019.08.09"]
[EventType "swiss"]
[EventCountry "ITA"]
[TimeControl "5400+30"]
[WhiteClock "0:52:00"]
[BlackClock "0:32:00"]

1. c4 Nf6 2. Nc3 g6 3. g3 Bg7 4. Bg2 O-O 5. Nf3 d6 6. O-O c5 7. d4 Nc6 8. dxc5 dxc5 9. Bf4 Nd4 10. e3 Nxf3+ 11. Bxf3 Nd7 12. g4 Ne5 13. Be2 b6 14. Bxe5 Bxe5 15. Qd5 Qxd5 16. Nxd5 e6 17. Ne7+ Kg7 18. Nxc8 Raxc8 19. Rad1 Rfd8 20. b3 Bf6 21. Kg2 Kf8 22. Kf3 Rxd1 23. Rxd1 Rd8 24. Bd3 Ke7 25. Ke2 g5 26. Bxh7 Rh8 27. Be4 Be5 28. Bc6 Bd6 29. h3 Rxh3 30. Rh1 Rxh1 31. Bxh1 Be5 1/2-1/2

[Event "17th Spilimbergo Open 2019"]
[Site "Spilimbergo"]
[Date "2019.08.13"]
[Round "7.5"]
[White "Palac, Mladen"]
[Black "Loiacono, Leonardo"]
[Result "1/2-1/2"]
[WhiteElo "2551"]
[BlackElo "2249"]
[PlyCount "94"]
[EventDate "2019.08.09"]
[EventType "swiss"]
[EventCountry "ITA"]
[TimeControl "5400+30"]
[WhiteClock "0:21:00"]
[BlackClock "0:05:00"]

1. Nf3 d5 2. d4 Nf6 3. c4 c6 4. Qc2 dxc4 5. Qxc4 Bg4 6. Nbd2 Nbd7 7. g3 e6 8. Bg2 Be7 9. O-O O-O 10. b3 Qa5 11. h3 Bh5 12. Bb2 Rac8 13. Rfc1 Bg6 14. e3 Ne4 15. Qe2 Nxd2 16. Nxd2 Qc7 17. a3 Qb8 18. h4 h6 19. b4 Bd6 20. Nc4 Bc7 21. a4 Nb6 22. Nxb6 Bxb6 23. b5 cxb5 24. Qxb5 Rxc1+ 25. Rxc1 Rc8 26. Rxc8+ Qxc8 27. d5 exd5 28. Qxd5 Qf5 29. Bc3 Qb1+ 30. Kh2 Qc2 31. a5 Qxc3 32. axb6 axb6 33. h5 Bc2 34. Qd7 Qd3 35. Qe8+ Kh7 36. Qxf7 Qf5 37. Qxf5+ Bxf5 38. Bxb7 b5 39. f3 Bc2 40. g4 b4 41. Bd5 b3 42. Kg3 b2 43. Ba2 b1=Q 44. Bxb1 Bxb1 45. f4 g6 46. hxg6+ Kxg6 47. Kh4 Bc2 1/2-1/2

[Event "17th Spilimbergo Open 2019"]
[Site "Spilimbergo"]
[Date "2019.08.13"]
[Round "7.6"]
[White "Veinberg, Nimrod"]
[Black "Henderson de La Fuente, Lance"]
[Result "0-1"]
[WhiteElo "2394"]
[BlackElo "2487"]
[PlyCount "145"]
[EventDate "2019.08.09"]
[EventType "swiss"]
[EventCountry "ITA"]
[TimeControl "5400+30"]
[WhiteClock "0:05:34"]
[BlackClock "0:03:15"]

1. d4 d5 2. c4 e6 3. Nc3 c6 4. Nf3 dxc4 5. a4 Bb4 6. Bd2 a5 7. e3 b5 8. axb5 Bxc3 9. Bxc3 cxb5 10. b3 Bb7 11. bxc4 b4 12. Bb2 Nf6 13. Bd3 O-O 14. O-O Nbd7 15. Re1 Be4 16. Bxe4 Nxe4 17. c5 Qc7 18. Ra4 f5 19. Qb3 Ra6 20. Rea1 Rfa8 21. Ne1 Nef6 22. Nf3 Ne4 23. Ne1 Qc6 24. Nd3 Qb5 25. Qc2 Nef6 26. Bc1 Nd5 27. Bd2 b3 28. Qc4 Qxc4 29. Rxc4 a4 30. Ra3 e5 31. Nb2 exd4 32. exd4 Nb8 33. Kf1 Nc6 34. Ke2 Nc7 35. Kd3 Rd8 36. Rcxa4 Rxa4 37. Rxa4 Ne6 38. Kc4 Rxd4+ 39. Kc3 Rd5 40. Be3 f4 41. Bxf4 Rxc5+ 42. Kxb3 Ncd4+ 43. Ka2 Nxf4 44. Rxd4 Nxg2 45. Rg4 Ne1 46. Rg3 Rf5 47. Nd1 Rd5 48. Nb2 Rd2 49. Re3 Nc2 50. Rf3 Nd4 51. Rd3 Rxd3 52. Nxd3 Nf3 53. h3 Ng1 54. h4 Kf7 55. Kb3 Kg6 56. Nf4+ Kf5 57. Ng2 Nh3 58. Kc4 Ke4 59. Ne3 Nxf2 60. Nd5 Ng4 61. Nc3+ Kf5 62. Kd5 Nf6+ 63. Kd4 Kg4 64. Ke5 Kxh4 65. Kf5 Ng8 66. Ke6 g5 67. Kf7 g4 68. Kxg8 h5 69. Kf7 g3 70. Kf6 g2 71. Ne2 Kg4 72. Ke5 h4 73. Kd4 0-1

[Event "17th Spilimbergo Open 2019"]
[Site "Spilimbergo"]
[Date "2019.08.13"]
[Round "7.7"]
[White "Skembris, Spyridon"]
[Black "Nagy, Gabor"]
[Result "0-1"]
[WhiteElo "2413"]
[BlackElo "2473"]
[PlyCount "108"]
[EventDate "2019.08.09"]
[EventType "swiss"]
[EventCountry "ITA"]
[TimeControl "5400+30"]
[WhiteClock "0:28:00"]
[BlackClock "0:04:54"]

1. c4 c5 2. Nf3 Nc6 3. g3 g6 4. Nc3 Bg7 5. Bg2 d6 6. O-O e6 7. b3 Nge7 8. Bb2 O-O 9. e3 b6 10. d4 Bb7 11. Qd2 cxd4 12. Nxd4 Qd7 13. Nxc6 Bxc6 14. Ne4 Bxe4 15. Bxe4 Rad8 16. Bxg7 Kxg7 17. Rfd1 Qc7 18. Rac1 Rd7 19. Rc3 Rfd8 20. Rd3 f6 21. h4 Qc5 22. Bg2 a6 23. Qc3 Nc6 24. f4 h5 25. Kh2 a5 26. a3 Rc7 27. Qd2 Rcd7 28. Qc1 Ne7 29. Bh3 f5 30. Qc3+ Kf7 31. b4 axb4 32. axb4 Qc7 33. Bg2 Ng8 34. b5 Nf6 35. Bc6 Re7 36. Qa3 d5 37. cxd5 exd5 38. Kg2 Rd6 39. Qa8 Kg7 40. Qa1 Kh7 41. Ra3 Ng4 42. Rdd3 d4 43. Rxd4 Nxe3+ 44. Kf2 Nc2 45. Ra7 Nxd4 46. Rxc7 Rxc7 47. Qa6 Re7 48. Qxb6 Nb3 49. Qb8 Rd2+ 50. Kf1 Rb2 51. Bd5 Nd2+ 52. Kg2 Re2+ 53. Kh3 Rh2+ 54. Kxh2 Nf3+ 0-1

[Event "17th Spilimbergo Open 2019"]
[Site "Spilimbergo"]
[Date "2019.08.13"]
[Round "7.8"]
[White "Sonis, Francesco"]
[Black "Moroni, Luca Jr"]
[Result "1/2-1/2"]
[WhiteElo "2459"]
[BlackElo "2572"]
[PlyCount "66"]
[EventDate "2019.08.09"]
[EventType "swiss"]
[EventCountry "ITA"]
[TimeControl "5400+30"]
[WhiteClock "0:43:00"]
[BlackClock "0:38:00"]

1. c4 e6 2. Nc3 d5 3. d4 Nf6 4. cxd5 exd5 5. Bg5 c6 6. e3 Nbd7 7. Bd3 Be7 8. Nf3 O-O 9. O-O Re8 10. Qc2 Nf8 11. h3 Nh5 12. Bxe7 Qxe7 13. Rab1 a6 14. Na4 g6 15. b4 Ng7 16. Nb6 Rb8 17. a4 Qd8 18. Nxc8 Rxc8 19. Nd2 Nd7 20. Nb3 Ne6 21. Nc5 Ndxc5 22. bxc5 Rc7 23. Rb3 f5 24. f4 Qf6 25. Rf3 Rce7 26. Qf2 h5 27. h4 Nd8 28. g3 Nf7 29. Bf1 Nh6 30. Qd2 Qg7 31. Bh3 Kh8 32. Rf1 Ng8 33. Bg2 Nf6 1/2-1/2

[Event "17th Spilimbergo Open 2019"]
[Site "Spilimbergo"]
[Date "2019.08.13"]
[Round "7.9"]
[White "Di Benedetto, Edoardo"]
[Black "Admiraal, Miguoel"]
[Result "1/2-1/2"]
[WhiteElo "2399"]
[BlackElo "2513"]
[PlyCount "107"]
[EventDate "2019.08.09"]
[EventType "swiss"]
[EventCountry "ITA"]
[TimeControl "5400+30"]
[WhiteClock "0:00:35"]
[BlackClock "0:10:53"]

1. d4 c5 2. d5 e5 3. c4 d6 4. Nc3 Be7 5. e4 Bg5 6. g3 Bxc1 7. Rxc1 Nf6 8. Bg2 a6 9. Nge2 O-O 10. a3 b5 11. cxb5 Qb6 12. a4 Bd7 13. Qb3 axb5 14. Nxb5 Na6 15. Nec3 Nc7 16. Bf1 Nfe8 17. Bd3 Nxb5 18. axb5 Nc7 19. O-O Qa5 20. Kg2 Rfb8 21. Ra1 Qxa1 22. Rxa1 Rxa1 23. b6 Ra7 24. Bc4 Rab7 25. Na4 Na8 26. Bb5 Bxb5 27. Qxb5 Nxb6 28. Nxb6 Rxb6 29. Qd7 g6 30. h4 h5 31. g4 hxg4 32. Qxg4 Kf8 33. h5 gxh5 34. Qxh5 Rxb2 35. Qh6+ Ke7 36. Qg5+ Kd7 37. Qg7 Re8 38. Qxf7+ Re7 39. Qf5+ Kc7 40. Qf8 Rd7 41. Qa8 Rb8 42. Qa7+ Kc8 43. Qa6+ Kd8 44. f4 exf4 45. e5 dxe5 46. Qf6+ Kc8 47. Qc6+ Kd8 48. Qf6+ Kc8 49. Qc6+ Rc7 50. Qe8+ Kb7 51. Qb5+ Kc8 52. Qe8+ Kb7 53. Qb5+ Kc8 54. Qe8+ 1/2-1/2

[Event "17th Spilimbergo Open 2019"]
[Site "Spilimbergo"]
[Date "2019.08.13"]
[Round "7.10"]
[White "Blom, Vincent"]
[Black "Miron, Lucian-Costin"]
[Result "0-1"]
[WhiteElo "2303"]
[BlackElo "2494"]
[PlyCount "102"]
[EventDate "2019.08.09"]
[EventType "swiss"]
[EventCountry "ITA"]
[TimeControl "5400+30"]
[WhiteClock "0:01:45"]
[BlackClock "0:00:54"]

1. c4 e6 2. g3 d5 3. cxd5 exd5 4. Bg2 Nf6 5. Nf3 Be7 6. O-O O-O 7. d3 d4 8. Na3 c5 9. Ne5 Na6 10. Nac4 Rb8 11. a3 Nd5 12. Bd2 Be6 13. f4 Nf6 14. e4 dxe3 15. Nxe3 Nc7 16. g4 Nd7 17. Nf3 Nd5 18. f5 Nxe3 19. Bxe3 Bd5 20. d4 Re8 21. Bf4 Rc8 22. Qd2 Nf6 23. h3 cxd4 24. Rac1 Ne4 25. Rxc8 Qxc8 26. Qa5 Qc5 27. Qxc5 Bxc5 28. Kh2 d3 29. Re1 Bc6 30. Nd2 Nxd2 31. Rxe8+ Bxe8 32. Bxd2 Bd4 33. b3 b5 34. Be4 Bb2 35. Bb4 d2 36. Bxd2 Bxa3 37. b4 Bb2 38. Kg2 Kf8 39. g5 Ke7 40. h4 Kd6 41. Bf4+ Be5 42. Bd2 Bc6 43. Kf3 g6 44. fxg6 fxg6 45. Be1 Bxe4+ 46. Kxe4 a6 47. Bf2 Bc3 48. Bc5+ Ke6 49. h5 gxh5 50. Bf8 Bd2 51. Kd4 h4 0-1

[Event "17th Spilimbergo Open 2019"]
[Site "Spilimbergo"]
[Date "2019.08.13"]
[Round "7.11"]
[White "Petrov, Martin"]
[Black "Godena, Michele"]
[Result "1-0"]
[WhiteElo "2477"]
[BlackElo "2469"]
[PlyCount "65"]
[EventDate "2019.08.09"]
[EventType "swiss"]
[EventCountry "ITA"]
[TimeControl "5400+30"]
[WhiteClock "0:00:33"]
[BlackClock "0:04:17"]

1. e4 e5 2. Nf3 Nc6 3. Bc4 Bc5 4. d3 Nf6 5. O-O d6 6. c3 a6 7. a4 Ne7 8. Re1 Ng6 9. Nbd2 O-O 10. h3 h6 11. d4 Ba7 12. Bb3 Re8 13. Bc2 b5 14. Nf1 Bb7 15. Ng3 Bb6 16. b4 d5 17. Nxe5 Nxe5 18. dxe5 Nxe4 19. Bxe4 dxe4 20. Qg4 Rxe5 21. a5 Ba7 22. Bxh6 Qf6 23. Be3 Bxe3 24. Rxe3 Rd8 25. Rd1 Rxd1+ 26. Qxd1 Qe7 27. Qg4 c5 28. Qf4 cxb4 29. cxb4 f6 30. Rc3 Qxb4 31. Rc7 Bd5 32. Nf5 g5 33. Nh6+ 1-0

[Event "17th Spilimbergo Open 2019"]
[Site "Spilimbergo"]
[Date "2019.08.13"]
[Round "7.12"]
[White "Lodici, Lorenzo"]
[Black "Ravi, Teja S."]
[Result "1/2-1/2"]
[WhiteElo "2472"]
[BlackElo "2420"]
[PlyCount "109"]
[EventDate "2019.08.09"]
[EventType "swiss"]
[EventCountry "ITA"]
[TimeControl "5400+30"]
[WhiteClock "0:05:20"]
[BlackClock "0:27:00"]

1. d4 d5 2. c4 c6 3. Nc3 Nf6 4. Nf3 a6 5. Qc2 e6 6. e4 dxe4 7. Nxe4 Nxe4 8. Qxe4 Bb4+ 9. Bd2 Bxd2+ 10. Nxd2 c5 11. dxc5 Qa5 12. a3 Qxc5 13. b4 Qg5 14. Bd3 f5 15. Qe2 Qxg2 16. O-O-O Qg5 17. f4 Qxf4 18. Rhf1 Qg4 19. Qxg4 fxg4 20. Ne4 Nd7 21. Ng5 Nf6 22. Rfe1 O-O 23. c5 a5 24. b5 h6 25. Nxe6 Bxe6 26. Rxe6 Rfc8 27. Bc4 Kf8 28. c6 Rab8 29. a4 Rc7 30. Kd2 Rd8+ 31. Ke2 Rxd1 32. Kxd1 bxc6 33. b6 Rd7+ 34. Kc1 Nd5 35. Rxc6 Nxb6 36. Bb5 Rb7 37. Rg6 Nd5 38. Ra6 Nc7 39. Rxa5 Nxb5 40. axb5 Ke7 41. Kd2 Kd6 42. Ke3 Rf7 43. Ra6+ Kc5 44. Rg6 Kxb5 45. Rxg4 Kc5 46. Rf4 Rxf4 47. Kxf4 h5 48. Kf5 Kd4 49. Kg6 Ke3 50. Kxg7 h4 51. Kf6 Kf3 52. Ke5 Kg2 53. Kf4 Kxh2 54. Kf3 Kg1 55. Kg4 1/2-1/2

[Event "17th Spilimbergo Open 2019"]
[Site "Spilimbergo"]
[Date "2019.08.14"]
[Round "8.1"]
[White "Henderson de La Fuente, Lance"]
[Black "Kovalev, Vladislav"]
[Result "1/2-1/2"]
[WhiteElo "2487"]
[BlackElo "2651"]
[PlyCount "29"]
[EventDate "2019.08.09"]
[EventType "swiss"]
[EventCountry "ITA"]
[TimeControl "5400+30"]
[WhiteClock "0:18:40"]
[BlackClock "1:09:00"]

1. d4 Nf6 2. c4 e6 3. Nf3 d5 4. g3 Be7 5. Bg2 O-O 6. O-O dxc4 7. Ne5 c5 8. dxc5 Qc7 9. Nxc4 Rd8 10. Qa4 Qxc5 11. Nc3 Nc6 12. Qb5 Qxb5 13. Nxb5 Nd5 14. Bd2 Bd7 15. a4 1/2-1/2

[Event "17th Spilimbergo Open 2019"]
[Site "Spilimbergo"]
[Date "2019.08.14"]
[Round "8.2"]
[White "Bosiocic, Marin"]
[Black "Saric, Ivan"]
[Result "0-1"]
[WhiteElo "2611"]
[BlackElo "2660"]
[PlyCount "114"]
[EventDate "2019.08.09"]
[EventType "swiss"]
[EventCountry "ITA"]
[TimeControl "5400+30"]
[WhiteClock "0:20:00"]
[BlackClock "0:09:22"]

1. d4 d5 2. c4 c6 3. Nf3 Nf6 4. e3 Bg4 5. Qb3 Qb6 6. Nc3 e6 7. Nh4 Be7 8. h3 Bh5 9. g4 Bg6 10. Nxg6 hxg6 11. Bg2 g5 12. Bd2 Nbd7 13. O-O-O a5 14. Qxb6 Nxb6 15. cxd5 Nfxd5 16. Ne4 Nc4 17. Be1 a4 18. Bf1 Nd6 19. Nc5 b6 20. Nd3 a3 21. b3 Rc8 22. Kb1 c5 23. dxc5 bxc5 24. Rc1 c4 25. Ne5 cxb3 26. Rxc8+ Nxc8 27. Bb5+ Kf8 28. axb3 Nd6 29. Bd3 g6 30. e4 Nf4 31. Bc3 f6 32. Nd7+ Kf7 33. e5 Rc8 34. Ba1 Nxd3 35. exd6 Bxd6 36. Rd1 Nb4 37. Bxf6 a2+ 38. Ka1 Ra8 39. Rd2 Bf4 40. Re2 Ra7 41. Bc3 Nd3 42. Ne5+ Bxe5 43. Bxe5 Nc1 44. Re3 Ra3 45. b4 Nb3+ 46. Rxb3 Rxb3 47. Bd6 Ra3 48. Bc5 e5 49. Be3 Ke6 50. b5 Kd5 51. Bxg5 Rxh3 52. Kxa2 Kc5 53. Kb2 Kxb5 54. Kc2 Kc4 55. Kd2 Kd4 56. Ke2 Ke4 57. Bf6 Kf4 0-1

[Event "17th Spilimbergo Open 2019"]
[Site "Spilimbergo"]
[Date "2019.08.14"]
[Round "8.3"]
[White "Nagy, Gabor"]
[Black "Palac, Mladen"]
[Result "1/2-1/2"]
[WhiteElo "2473"]
[BlackElo "2551"]
[PlyCount "39"]
[EventDate "2019.08.09"]
[EventType "swiss"]
[EventCountry "ITA"]
[TimeControl "5400+30"]
[WhiteClock "1:28:00"]
[BlackClock "1:21:00"]

1. d4 Nf6 2. Nf3 d5 3. c4 e6 4. Nc3 c6 5. e3 Nbd7 6. Qc2 Bd6 7. Bd3 O-O 8. O-O dxc4 9. Bxc4 b5 10. Be2 Bb7 11. e4 e5 12. dxe5 Nxe5 13. Nd4 Neg4 14. g3 Re8 15. Nf5 Bc5 16. Bf4 Qb6 17. Kg2 g6 18. h3 gxf5 19. hxg4 Bd4 20. gxf5 1/2-1/2

[Event "17th Spilimbergo Open 2019"]
[Site "Spilimbergo"]
[Date "2019.08.14"]
[Round "8.4"]
[White "Miron, Lucian-Costin"]
[Black "Nisipeanu, Liviu-Dieter"]
[Result "1/2-1/2"]
[WhiteElo "2494"]
[BlackElo "2666"]
[PlyCount "51"]
[EventDate "2019.08.09"]
[EventType "swiss"]
[EventCountry "ITA"]
[TimeControl "5400+30"]

1. e4 e5 2. Nf3 d6 3. d4 exd4 4. Nxd4 Nf6 5. Nc3 Be7 6. g3 Bg4 7. f3 Bd7 8. Be3 Bc8 9. Bc1 Bd7 10. Be3 O-O 11. Qd2 c5 12. Nde2 Nc6 13. Nf4 Ne5 14. Be2 b5 15. O-O Rb8 16. Rad1 Re8 17. b3 Bf8 18. Ncd5 Nxd5 19. Nxd5 Bc6 20. Bf4 Re6 21. g4 Qd7 22. Bg3 Qb7 23. Nf4 Ree8 24. Nd5 Re6 25. Nf4 Ree8 26. Nd5 1/2-1/2

[Event "17th Spilimbergo Open 2019"]
[Site "Spilimbergo"]
[Date "2019.08.14"]
[Round "8.5"]
[White "Rahul Srivatshav P"]
[Black "Dragnev, Valentin"]
[Result "0-1"]
[WhiteElo "2410"]
[BlackElo "2535"]
[PlyCount "58"]
[EventDate "2019.08.09"]
[EventType "swiss"]
[EventCountry "ITA"]
[TimeControl "5400+30"]
[WhiteClock "0:14:03"]
[BlackClock "0:01:05"]

1. c4 e6 2. Nc3 d5 3. d4 Nf6 4. cxd5 exd5 5. Bg5 c6 6. e3 Bd6 7. Bd3 O-O 8. Qc2 h6 9. Bh4 Re8 10. Nge2 Nbd7 11. g4 Qa5 12. g5 hxg5 13. Bxg5 b5 14. O-O-O Ba6 15. Rhg1 b4 16. Bh6 Bf8 17. Bxa6 Qxa6 18. Na4 Kh8 19. Bg5 Ne4 20. f3 Nxg5 21. Rxg5 g6 22. Nf4 Qc4 23. Nc3 Bg7 24. Nxg6+ fxg6 25. Qxg6 Re7 26. Rh5+ Kg8 27. Qh7+ Kf8 28. Rf5+ Ke8 29. Rg5 Bf8 0-1

[Event "17th Spilimbergo Open 2019"]
[Site "Spilimbergo"]
[Date "2019.08.14"]
[Round "8.6"]
[White "Sardana, Rishi"]
[Black "Vetoshko, Volodymyr"]
[Result "0-1"]
[WhiteElo "2410"]
[BlackElo "2495"]
[PlyCount "148"]
[EventDate "2019.08.09"]
[EventType "swiss"]
[EventCountry "ITA"]
[TimeControl "5400+30"]
[WhiteClock "0:00:52"]
[BlackClock "0:00:33"]

1. e4 e5 2. Nf3 Nc6 3. Bc4 Bc5 4. d3 Nf6 5. O-O d6 6. c3 O-O 7. a4 a6 8. Bg5 h6 9. Bh4 g5 10. Bg3 Bg4 11. h3 Bh5 12. Re1 Ba7 13. Nbd2 Bg6 14. Nf1 Nh5 15. Bh2 Nf4 16. Ne3 Kh7 17. Bb3 Ne7 18. Bc2 f6 19. d4 Bh5 20. Ng4 Neg6 21. Bg3 Qd7 22. Nfh2 Rad8 23. Nf1 Nh4 24. Bxf4 Bxg4 25. hxg4 gxf4 26. g3 Rg8 27. Nh2 Ng6 28. Kg2 Kg7 29. Rh1 Rge8 30. d5 c6 31. Bb3 a5 32. Qf3 Qc7 33. Nf1 Qb6 34. Nd2 fxg3 35. fxg3 cxd5 36. Bxd5 Qxb2 37. Ra2 Qb6 38. Nc4 Qc5 39. Rb2 Re7 40. Rb5 Qc8 41. Rxa5 Bc5 42. Rb5 Rc7 43. Rhb1 Ne7 44. Bxb7 Qe6 45. Bd5 Nxd5 46. exd5 Qf7 47. Nd2 Rf8 48. c4 f5 49. gxf5 Qxf5 50. Qxf5 Rxf5 51. Ne4 Ba3 52. c5 Bxc5 53. Rb7 Rff7 54. Nxc5 Rxc5 55. Rd7 Kg6 56. Rxf7 Kxf7 57. Rb7+ Kg6 58. a5 Rxd5 59. Rd7 Kf5 60. a6 Ke6 61. a7 Ra5 62. Rh7 Kd5 63. Kf3 Ra4 64. g4 Ra3+ 65. Kf2 e4 66. Rd7 Ke5 67. Rf7 d5 68. Kg2 Kd4 69. Rd7 Kc4 70. Re7 Kd3 71. Kg3 d4 72. Kf4 e3 73. Rb7 e2 74. Re7 Rxa7 0-1

[Event "17th Spilimbergo Open 2019"]
[Site "Spilimbergo"]
[Date "2019.08.14"]
[Round "8.7"]
[White "Loiacono, Leonardo"]
[Black "Barp, Alberto"]
[Result "1/2-1/2"]
[WhiteElo "2249"]
[BlackElo "2411"]
[PlyCount "20"]
[EventDate "2019.08.09"]
[EventType "swiss"]
[EventCountry "ITA"]
[TimeControl "5400+30"]
[WhiteClock "1:23:00"]
[BlackClock "1:27:00"]

1. d4 Nf6 2. c4 e6 3. Nc3 Bb4 4. Qc2 d5 5. cxd5 exd5 6. Bg5 O-O 7. e3 Re8 8. Nf3 h6 9. Bh4 c5 10. dxc5 g5 1/2-1/2

[Event "17th Spilimbergo Open 2019"]
[Site "Spilimbergo"]
[Date "2019.08.14"]
[Round "8.8"]
[White "Moroni, Luca Jr"]
[Black "Petrov, Martin"]
[Result "1/2-1/2"]
[WhiteElo "2572"]
[BlackElo "2477"]
[PlyCount "113"]
[EventDate "2019.08.09"]
[EventType "swiss"]
[EventCountry "ITA"]
[TimeControl "5400+30"]
[WhiteClock "0:04:32"]
[BlackClock "0:03:30"]

1. c4 Nf6 2. Nc3 e6 3. e4 c5 4. e5 Ng8 5. d4 cxd4 6. Qxd4 Nc6 7. Qe4 d6 8. Nf3 dxe5 9. Nxe5 Nf6 10. Nxc6 Nxe4 11. Nxd8 Nxc3 12. Nxf7 Kxf7 13. bxc3 b6 14. Be3 Bb7 15. f3 Be7 16. O-O-O Rhc8 17. Kb2 Rc7 18. Kb3 Ba6 19. Bf4 Rc5 20. Rd7 Ke8 21. Rc7 Rxc7 22. Bxc7 Rc8 23. Bf4 Bf6 24. a4 Bb7 25. Bd3 Kf7 26. Re1 Rc5 27. Bd6 Rg5 28. Re2 Bc6 29. Be4 Bxe4 30. fxe4 Be7 31. c5 Ke8 32. Bxe7 Kxe7 33. cxb6 axb6 34. Rd2 Rg4 35. Kb4 Rxe4+ 36. Kb5 e5 37. Ra2 Re3 38. Kxb6 Rxc3 39. a5 Kd6 40. Rd2+ Ke6 41. Rb2 Ra3 42. a6 e4 43. a7 e3 44. Kb7 Kd5 45. a8=Q Rxa8 46. Kxa8 Kd4 47. Rb7 e2 48. Rd7+ Kc3 49. Re7 Kd2 50. Rd7+ Kc2 51. Re7 Kd2 52. Rd7+ Ke3 53. Rxg7 e1=Q 54. Re7+ Kf2 55. Rxe1 Kxe1 56. Kb7 Kf2 57. g4 {[%emt 0:00:00] Kg3# [%clk 0:04:28] g5+} 1/2-1/2